Unix NetHack Version 5.0.0-0 post-release - last build May  4 2026 22:22:43 (774f63e81ad911689b3a0859ea89b322d5daca8d,branch:main).

Game began 2026-05-09 01:15:43, ended 2026-05-09 01:28:33.

Drastanta, neutral female human Wizard

                 -----------                     -------------
                 |.........-#####  ----------####............|
                 |.......d.|    ###|........-##  |...........|
                 |...!..:@.|      #|........|##  .......^.>..|
                 ------.----      #|......).|#   --.----------
                                  #.........|#     #                -----
                                   |........|#     #                |.).|
                                   ----------#     #               #.<).|
                                             #     #               #|...|
                                             #     ##              #|...|
                                                    #              #-----
                                                    #           ####
                                  0###################         ##
                                                   -.-.-  ######
                                                   |.[.|  #
                                                   |..{|###
                                                   |...-#
                                                   -----

Drastanta the Conjurer    St:9 Dx:16 Co:12 In:18 Wi:11 Ch:10  Neutral
Dlvl:4  $:28 HP:0(23) Pw:8(27) AC:4  Xp:3 T:1424  Burdened

Latest messages:
 The kitten picks up a runed dagger.
 There is a jackal corpse here; eat it? [ynq] (n) y
 This jackal corpse is tough.
 You finish eating the jackal corpse.
 Your kitten eats a jackal corpse.
 The kitten drops a runed dagger.
 You see here an elven mithril-coat.
 You have a little trouble lifting an elven mithril-coat.  Continue? [ynq] (q) y
 You have a little trouble lifting B - an elven mithril-coat.
 Your movements are slowed slightly because of your load.
 You drop an elven mithril-coat.
 Your movements are now unencumbered.
 You swap places with your kitten.
 You see here an elven mithril-coat.
 You have a little trouble lifting an elven mithril-coat.  Continue? [ynq] (q) y
 You have a little trouble lifting B - an elven mithril-coat.
 Your movements are slowed slightly because of your load.
 What do you want to wear? [bB or ?*] B
 You finish your dressing maneuver.
 What do you want to wear? [b or ?*] b
 You are now wearing a cloak of magic resistance.
 What do you want to drop? [$a-nq-wyzAB or ?*] ?
 Never mind.
 What do you want to read? [i-mqv or ?*] ?
 This spellbook is difficult to comprehend.  Continue? [yn] (n) n
 What do you want to read? [i-mqv or ?*] ?
 This spellbook is difficult to comprehend.  Continue? [yn] (n) n
 The door opens.
 The little dog misses!
 The little dog bites!
 You hit the little dog.
 The little dog just misses!
 The little dog bites!
 The little dog bites!
 The little dog bites!
 In what direction? 4
 The spell misses the little dog.
 The little dog bites!
 The little dog bites!
 Where do you want to jump?
 (For instructions type a '?')
 Move cursor to the desired position:
 Suspend command not available.
 In what direction? 8
 The spell misses the little dog.
 The little dog misses!
 The little dog misses!
 The gecko bites!
 You die...
 Do you want your possessions identified? [ynq] (y) q

Inventory:
 Coins    ('$')
  $ - 28 gold pieces
 Weapons  (')')
  a - a blessed +1 quarterstaff (weapon in hands)
 Armor    ('[')
  b - an uncursed +0 cloak of magic resistance (being worn)
  B - an uncursed +0 elven mithril-coat (being worn)
 Comestibles  ('%')
  z - an uncursed cram ration
  t - 2 uncursed food rations
  r - an uncursed lichen corpse
 Scrolls  ('?')
  j - 2 uncursed scrolls of destroy armor
  k - an uncursed scroll of enchant armor
  i - a blessed scroll of light
 Spellbooks  ('+')
  q - an uncursed spellbook of create monster
  l - a blessed spellbook of force bolt
  m - an uncursed spellbook of jumping
  v - an uncursed spellbook of magic missile
 Potions  ('!')
  h - an uncursed potion of confusion
  f - an uncursed potion of gain ability
  u - 2 uncursed potions of healing
  g - an uncursed potion of sleeping
  w - an uncursed potion of speed
 Rings    ('=')
  d - an uncursed ring of fire resistance (on right hand)
  e - an uncursed ring of free action (on left hand)
 Wands    ('/')
  c - a wand of create monster (0:11)
  y - a wand of lightning (0:4)
 Tools    ('(')
  s - an uncursed blindfold
  A - a magic marker (0:72)
  n - a magic marker (0:22)

Drastanta the Wizard's attributes:

Background:
 You were a Conjurer, a level 3 female human Wizard.
 You were neutral, on a mission for Thoth
 who was opposed by Ptah (lawful) and Anhur (chaotic).
 You were right-handed.
 You were in the Dungeons of Doom, on level 4.
 You entered the dungeon 1424 turns ago.
 It was nighttime.
 You had 41 experience points, 39 more were needed to attain level 4.

Basics:
 You had 0 out of 23 hit points.
 You had 8 out of 27 energy points (spell power).
 Your armor class was 4.
 Your wallet contained 28 zorkmids.
 Autopickup was off.

Final Characteristics:
 Your strength was 9 (limit:18/100).
 Your dexterity was 16 (limit:18).
 Your constitution was 12 (limit:18).
 Your intelligence was 18 (limit:18).
 Your wisdom was 11 (limit:18).
 Your charisma was 10 (limit:18).

Final Status:
 You weren't hungry.
 You were burdened; movement was slightly slowed.
 You were wielding a quarterstaff.
 You had basic skill with quarterstaff.

Final Attributes:
 You were devoutly aligned.
 You were magic-protected.
 You were fire resistant.
 Your items were protected from fire.
 You were guarded.
 Your spell casting was impaired by metallic armor.
 You had free action.
 You are dead.

Miscellaneous:
 You didn't encounter any bones levels.
 Total elapsed playing time was 12 minutes and 49 seconds.

Major events:
 Turn
    1: Drastanta the neutral female human Wizard entered the dungeon
 1303: attained the rank of Conjurer (level 3)
 1424: killed by a gecko

Spells:
 Name                 Level Category     Fail Retention
 force bolt             1   attack        13%  91%-100%
 jumping                1   escape        13%  76%-100%

Skills:
 Fighting Skills
   bare handed combat [Unskilled]
   riding             [Unskilled]
 Weapon Skills
   dagger             [Unskilled]
   knife              [Unskilled]
   axe                [Unskilled]
   short sword        [Unskilled]
   club               [Unskilled]
   mace               [Unskilled]
   quarterstaff       [Basic]
   polearms           [Unskilled]
   spear              [Unskilled]
   trident            [Unskilled]
   sling              [Unskilled]
   dart               [Unskilled]
   shuriken           [Unskilled]
 Spellcasting Skills
   attack spells      [Basic]
   healing spells     [Unskilled]
   divination spells  [Unskilled]
   enchantment spells [Basic]
   clerical spells    [Unskilled]
   escape spells      [Unskilled]
   matter spells      [Unskilled]

Voluntary challenges:
 Character rerolling was not enabled.
 You never genocided any monsters.
 You never polymorphed an object.
 You never changed form.
 You used no wishes.
Achievement:
 You attained the rank of Conjurer.

 The Dungeons of Doom: levels 1 to 4
    Level 1:
    Level 2:
       A fountain, some sinks.
    Level 3:
       An altar to Thoth, some fountains, a sink.
    Level 4: <- You were here.
       A fountain.
       Final resting place for
          you, killed by a gecko.


Vanquished creatures:
  a hobbit
  a red mold
  a gnome zombie
  a gecko
  4 jackals
  2 goblins
  2 sewer rats
  3 lichens
  a kobold zombie
  5 newts
21 creatures vanquished.

No species were genocided or became extinct.

Game over:
                       ----------
                      /          \
                     /    REST    \
                    /      IN      \
                   /     PEACE      \
                  /                  \
                  |    Drastanta     |
                  |      28 Au       |
                  |   killed by a    |
                  |      gecko       |
                  |                  |
                  |                  |
                  |       2026       |
                 *|     *  *  *      | *
        _________)/\\_//(\/(/\)/\//\/|_)_______

Goodbye Drastanta the Wizard...

You died in The Dungeons of Doom on dungeon level 4 with 340 points,
and 28 pieces of gold, after 1424 moves.
You were level 3 with a maximum of 23 hit points when you died.

